 Dungeon Crawl Stone Soup version 0.29-a0-559-g359e09b9d1 (webtiles) character file.

Game seed: 5551878499203271868

100 zishaf the Chucker (level 4, -2/37 HPs)
             Began as a Demigod Wanderer on June 9, 2022.
             Killed by nerve-wracking pain
             ... invoked by an orc priest
              (10 damage)
             ... on level 2 of the Dungeon.
             The game lasted 00:04:30 (2298 turns).

zishaf the Chucker (Demigod Wanderer)               Turns: 2298, Time: 00:04:30

Health: -2/37      AC: 10    Str: 11    XL:     4   Next: 23%
Magic:  6/6        EV: 10    Int: 16    God:
Gold:   129        SH:  0    Dex: 17    Spells: 2/3 levels left

rFire   . . .      SeeInvis .   a - +2 dagger
rCold   . . .      Faith    .   (no shield)
rNeg    . . .      Spirit   .   i - +0 ring mail
rPois   .          Reflect  .   (no helmet)
rElec   .          Harm     .   p - +0 cloak
rCorr   .          Rampage  .   (no gloves)
Will    .....                   (no boots)
Stlth   +.........              (no amulet)
HPRegen 0.12/turn               l - +4 ring of protection
MPRegen 0.10/turn               (no ring)

@: hasted, very quick
A: high MP 1, forlorn, divine attributes
a: no special abilities


You were on level 2 of the Dungeon.
You visited 1 branch of the dungeon, and saw 3 of its levels.

You collected 129 gold pieces.

Inventory:

Hand Weapons
 a - a +2 dagger (weapon)
 b - a +0 hand crossbow
Missiles
 d - 7 boomerangs (quivered)
Armour
 g - a +0 robe
 i - a +0 ring mail (worn)
 p - a +0 cloak (worn)
Jewellery
 l - a +4 ring of protection (left hand)
 r - a ring of ice
Scrolls
 e - a scroll of identify
 f - a scroll of blinking
Potions
 c - a potion of might
 h - a potion of degeneration {unknown}
 j - a potion of haste
 k - a potion of invisibility {unknown}
 m - 2 potions of mutation {unknown}
 n - a potion of heal wounds {unknown}
 o - a potion of curing {unknown}
 q - a potion of cancellation {unknown}
 t - a potion of lignification {unknown}


   Skills:
 + Level 2.5 Fighting
 + Level 2.2 Short Blades
 - Level 1.0 Crossbows
 - Level 3.0 Throwing
 - Level 2.0 Armour
 - Level 1.0 Dodging
 - Level 1.7 Stealth
 + Level 0.2 Conjurations
 + Level 0.2 Fire Magic


You had 2 spell levels left.
You knew the following spells:

 Your Spells              Type           Power      Damage    Failure   Level
a - Foxfire               Conj/Fire      0%         2x1d4     47%         1

Your spell library contained the following spells:

 Spells                   Type           Power      Damage    Failure   Level
 Conjure Flame            Conj/Fire      0%         6-21      85%         3
 Inner Flame              Hex/Fire       0%         N/A       86%         3
 Flame Wave               Conj/Fire      0%         2d4       99%         4


Dungeon Overview and Level Annotations

Branches:
Dungeon (3/15)


Innate Abilities, Weirdness & Mutations

You have an increased reservoir of magic. (+10% MP)
You shall have no god before yourself.
Your divine heritage dramatically boosts your attributes as you level up.


Message History

The orc priest hits you with a +0 dagger.
The orc priest hits you but does no damage.
You barely miss the orc priest.
The orc priest is moderately wounded.
The orc priest barely misses you.
The orc priest hits you but does no damage.
You hit the orc priest but do no damage.
The orc priest is moderately wounded.
The orc priest misses you.
The orc priest hits you but does no damage.
You hit the orc priest but do no damage.
The orc priest is moderately wounded.
The orc priest hits you but does no damage.
The orc priest invokes the aid of Beogh against you.
Beogh smites you!
You barely miss the orc priest.
The orc priest is moderately wounded.
The orc priest hits you but does no damage. x2
You closely miss the orc priest.
The orc priest is moderately wounded.
The orc priest hits you but does no damage.
The orc priest calls down the wrath of Beogh upon you.
Beogh smites you!
* * * LOW HITPOINT WARNING * * *
You hit the orc priest.
The orc priest is heavily wounded.
The orc priest hits you but does no damage.
The orc priest closely misses you.
You feel yourself speed up.
The orc priest hits you with a +0 dagger.
* * * LOW HITPOINT WARNING * * *
The orc priest hits you but does no damage.
You hit the orc priest.
The orc priest is severely wounded.
You closely miss the orc priest.
The orc priest is severely wounded.
The orc priest barely misses you.
The orc priest calls down the wrath of Beogh upon you.
Pain shoots through your body!
You die...

#......<.............#
###.>...##.............##
.##.....####.#..........#
........# #............#
........######..........#
........................#
........######..........#
........# #.[[.......#
.#>)....# #.o@.......#
##......# #.o.......##
#......# #.........#
#......# #.........#
######## ###########


You could see 2 orc priests.

Vanquished Creatures
  4 adders
  2 dart slugs (D:2)
  6 orcs
  9 endoplasms
  2 giant cockroaches
  A goblin (D:1)
  4 hobgoblins
  7 jackals
  2 kobolds
  3 quokkas
  2 ball pythons (D:1)
  A bat (D:1)
  A frilled lizard (D:1)
  4 rats
48 creatures vanquished.

Notes
Turn   | Place    | Note
-------+----------+-------------------------------------------
     0 | D:1      | zishaf the Demigod Wanderer began the quest for the Orb.
     0 | D:1      | zishaf set off with the following items: a +2 dagger, a
                  | potion of might, a +0 hand crossbow, 7 boomerangs, a +0
                  | dagger, a scroll of blinking, a +0 robe
     0 | D:1      | Reached XP level 1. HP: 16/16 MP: 3/3
   150 | D:1      | Reached XP level 2. HP: 23/23 MP: 4/4
   364 | D:1      | Reached skill level 3 in Throwing
   704 | D:1      | Reached skill level 1 in Short Blades
  1047 | D:1      | Reached XP level 3. HP: 23/29 MP: 5/5
  1483 | D:2      | Reached XP level 4. HP: 23/37 MP: 6/6
  1655 | D:3      | Learned a level 1 spell: Foxfire
  2298 | D:2      | Killed from afar by an orc priest

Illustrated notes

Levels and vault maps discovered:
D:1:      minmay_arrival_semitransparent, layout_basic, basic_ecumenical_altar,
          minmay_ruptured
D:2:      layout_rooms, hangedman_decor_points, chequers_serial_rivers_micro_c
D:3:      layout_loops_cross, uniq_crazy_yiuf_cottage

Skill      XL: |  1  2  3 |
---------------+----------+-----
Armour         | 2 |  2.0
Throwing       | 3 |  3.0
Short Blades   | 1 2 |  2.2
Fighting       | 2 |  2.5
Crossbows      | |  1.0
Dodging        | |  1.0
Stealth        | |  1.7
Conjurations   | |  0.2
Fire Magic     | |  0.2

Action                   |  1- 3 |  4- 6 || total
-------------------------+-------+-------++-------
Melee: Dagger            |    50 |    59 ||   109
       Punch             |       |     1 ||     1
 Fire: Hand crossbow     |    68 |    11 ||    79
  Use: Scroll            |       |     5 ||     5
       Potion            |       |     1 ||     1
Armor: Robe              |    14 |    14 ||    28
       Ring mail         |       |    15 ||    15
Dodge: Dodged            |    40 |    40 ||    80

Table legend: (Time is in decaauts)
 A = Elapsed time spent in this place.
 B = Non-inter-level travel time spent in this place.
 C = Inter-level travel time spent in this place.
 D = Time resting spent in this place.
 E = Time spent auto-exploring this place.
 F = Levels seen in this place.
 G = Mean time per level.
                   A        B        C        D        E       F      G
               +--------+--------+--------+--------+--------+-----+--------+
         Total |   2313 |   2278 |     35 |    557 |   1251 |   3 |  771.0 |
       Dungeon |   2313 |   2278 |     35 |    557 |   1251 |   3 |  771.0 |
               +--------+--------+--------+--------+--------+-----+--------+

Top non-repeatable levels by time:
     D:2: 1084 daAuts
     D:1: 989 daAuts
     D:3: 239 daAuts
